Ulik, chaotic male human Wizard -------------- |.lll..l.....| l |llllll......| o |llll........-######ll### o |ll.l..<.....| # ------------- -------------- ###|...........-### @ #l...........|### |...........-### ------- ##(.l%..[.....| #o# 0 |...p.| # |..l........| # a--------- |l....-############ |l..........| #x#p@ki.ia...| |.....| ------.-.---- dd.ad....| l |..i..| ## |i.Yid.i.| ------- a |.YG.....| |.d....i.| f ---------- l Ulik the Thaumaturge Experience level: 8 Strength: 9 Dexterity: 13 Constitution: 18 Intelligence: 18 Wisdom: 10 Charisma: 8 Health: 0(88) Energy: 17(74) AC: 7 Gold: 0 Moves: 5084 Your Inventory: Weapons a - a blessed +1 quarterstaff (weapon in hands) Armor b - an uncursed +0 cloak of magic resistance (being worn) F - an uncursed +0 leather armor (being worn) Z - a [cursed -4] pair of hiking boots [fumble] Comestibles I - an uncursed food ration Scrolls g - a [cursed] scroll labeled FNORD [of flood] i - a blessed scroll of stinking cloud j - 2 uncursed scrolls of light k - a blessed scroll of create monster o - an [uncursed] scroll of identify p - 2 [uncursed] scrolls of teleportation s - a blessed scroll of food detection u - an uncursed scroll of taming A - an uncursed scroll of destroy armor E - an uncursed scroll of confuse monster K - a cursed scroll of teleportation L - an uncursed scroll labeled HZLRC KSTSBD MPFNG [of magic mapping] U - a [cursed] scroll of identify V - a [cursed] scroll labeled JUYED AWK YACC [of earth] X - an [uncursed] scroll labeled XIXAXA XOXAXA XUXAXA [of charging] Spellbooks l - a blessed spellbook of force bolt m - an uncursed spellbook of confuse monster q - a [cursed] shining spellbook [of light] N - an uncursed [faint] spellbook of haste self named 1 time 3619 next 23619 O - an uncursed spellbook of cure sickness named 1 time 3627 next 23627 P - a cursed spellbook of force bolt S - an uncursed spellbook of cure blindness named 1 at 3631 next 23631 Potions h - an uncursed potion of blindness r - a [cursed] black potion [of paralysis] v - 2 [cursed] potions of healing w - a [cursed] sky blue potion [of levitation] Rings d - an uncursed ring of sustain ability e - an uncursed ring of poison resistance (on right hand) x - a [cursed] moonstone ring [of free action] y - a [cursed] ring of shock resistance z - a [cursed] ring of sustain ability R - a cursed ring of shock resistance Wands c - an uncursed wand of sleep (0:6) t - an uncursed wand of light (0:14) B - a [cursed] platinum wand [of make invisible (0:4)] Spells known in the end: Name Level Category Fail Memory a - force bolt 1 attack 0% [||||||..] b - confuse monster 2 enchantment 0% [||||||..] c - haste self 3 escape 77% [||||||||] d - cure sickness 3 healing 77% [||||||||] e - cure blindness 2 healing 43% [||||||||] Your skills at the end: Fighting Skills Weapon Skills quarterstaff [Basic / Expert] Spellcasting Skills attack spells [Basic / Expert] enchantment spells [Basic / Skilled] Final Attributes: You were piously aligned. Hunger level was 448. Your alignment was 35 / 35. Monster difficulty range was 1 - 7. Level difficulty was 7. You were immune to poison. You were magic-protected. You were blinded. You were telepathic. Your luck was zero. You are dead. Vanquished creatures: 2 ghosts 8 leprechauns an iron piercer an ogre a werewolf a lizard 2 water moccasins a rope golem a mountain nymph 2 Mordor orcs a rock piercer a yellow light a gnome lord a kobold mummy a gray ooze 2 giant ants a floating eye 4 kittens 2 hill orcs 4 rothes a centipede a werejackal an iguana a coyote a hobbit 3 manes a large kobold a hobgoblin 5 giant rats a brown mold a gnome 4 garter snakes 2 gnome zombies a gecko 8 jackals a kobold 2 goblins a sewer rat 5 grid bugs a bat 11 lichens a kobold zombie 5 newts 97 creatures vanquished. Voluntary challenges: You used a wielded weapon 67 times. You read items or engraved 58 times. You put on armor 4 times. You never genocided any monsters. You never polymorphed an object. You never changed form. You used no wishes. You wrote Elbereth's name 27 times. You encountered 2 bones levels. You never used any Sokoban shortcuts. Dungeon overview: The Dungeons of Doom: levels 1 to 7 Level 1 an altar to Anhur, a fountain a long staircase Level 2 a fountain, a sink Level 3 a potion shop, some fountains Level 4 stairs to The Gnomish Mines Level 5 a scroll shop, a sink Level 6 a fountain Level 7 <- You were here The Gnomish Mines: Level 5 stairs to The Dungeons of Doom History has recorded: On T:1 you entered the Dungeons of Doom to retrieve the Amulet of Yendor! On T:347 you advanced to experience level 2. On T:707 you reached level 2 of The Dungeons of Doom. On T:749 you advanced to experience level 3. On T:1313 you reached level 3 of The Dungeons of Doom. On T:1411 you advanced to experience level 4. On T:1668 you advanced to experience level 5. On T:2077 you reached level 4 of The Dungeons of Doom. On T:2764 you advanced to experience level 6. On T:2886 you reached level 1 of The Gnomish Mines. On T:2928 you reached level 5 of The Dungeons of Doom. On T:3677 you advanced to experience level 7. On T:4249 you reached level 6 of The Dungeons of Doom. On T:4776 you reached level 7 of The Dungeons of Doom. On T:4999 you advanced to experience level 8. Latest messages: The fire ant bites! The fire ant misses. The monkey hits! The monkey stole a blessed potion of gain energy. The kobold lord hits! The leprechaun hits! Your purse feels lighter. The fire ant bites! (2x) [HP-29=57] [2 turns] You miss the wolf. The monkey hits! The monkey stole a cursed tripe ration. The wolf bites! (2x) The fire ant bites! (2x) [HP-17=40] The wolf bites! The giant beetle bites! The kobold lord hits! [HP-18=22] You miss the rock piercer. The wolf bites! (2x) It is hit. (2x) The wolf bites! (2x) The giant beetle bites! You die... Final status: Goodbye Ulik the Wizard... You died in The Dungeons of Doom on dungeon level 7 with 4908 points, and 0 pieces of gold, after 5084 moves. You were level 8 with a maximum of 88 hit points when you died.